 Dungeon Crawl Stone Soup version 0.17.0-7-gfadd4cc (console) character file.

49 gw the Charmwright (level 3, -4/16 HPs)
             Began as a Felid Skald on Nov 8, 2015.
             Killed by nerve-wracking pain
             ... invoked by an orc priest
              (10 damage)
             ... on level 3 of the Dungeon.
             The game lasted 00:02:34 (3710 turns).

gw the Charmwright (Felid Skald)                    Turns: 3710, Time: 00:02:34

Health: -4/16      AC:  1    Str:  8    XL:     3   Next: 51%
Magic:  4/8        EV: 18    Int: 14    God:
Gold:   76         SH:  0    Dex: 15    Spells: 4 memorised, 0 levels left
                                        Lives:  0   Deaths: 1

rFire  . . .     SeeInvis +       - Unarmed
rCold  . . .     Clarity  .     (armour unavailable)
rNeg   . . .     SustAt   .     (shield unavailable)
rPois  .         Gourm    .     (helmet unavailable)
rElec  .         Spirit   .     (cloak unavailable)
rCorr  .         Warding  .     (gloves unavailable)
rMut   .         Stasis   .     (boots unavailable)
MR     .....                    (no amulet)
Stlth  ++........               (no ring)
                                (no ring)

@: shrouded (expiring), infused, quick, not resistant to hostile enchantments,
unstealthy
A: no armour, no weapons or thrown items, claws 1, fangs 3, see invisible,
carnivore 3, speed 1, shaggy fur 1, slow metabolism 1, sharp paws
a: no special abilities


You were on level 3 of the Dungeon.
You were not hungry.

You visited 1 branch of the dungeon, and saw 3 of its levels.

You collected 76 gold pieces.

Inventory:

Books
 a - a book of Battle

   Spells                             Type                      Level
   a - Infusion                       Charms                       1
   b - Shroud of Golubria             Charms/Translocation         2
   c - Song of Slaying                Charms                       2
   d - Spectral Weapon                Hexes/Charms                 3
   e - Regeneration                   Charms/Necromancy            3
Comestibles
 b - 2 meat rations


   Skills:
 + Level 2.5 Fighting
 + Level 3.0 Dodging
 + Level 2.6 Unarmed Combat
 * Level 3.1 Spellcasting
 + Level 4.2 Charms


You couldn't memorise any spells.
You knew the following spells:

 Your Spells              Type           Power        Failure   Level  Hunger
a - Infusion              Chrm           ##....       4%          1    #......
b - Shroud of Golubria    Chrm/Tloc      #.........   17%         2    ##.....
c - Song of Slaying       Chrm           ##......     10%         2    ##.....
d - Regeneration          Chrm/Necr      #.........   30%         3    ###....


Dungeon Overview and Level Annotations

Branches:
Dungeon (3/15)

Altars:

Annotations:
D:2 exclusion: downstairs, Sigmund
D:3 Natasha


Innate Abilities, Weirdness & Mutations

You cannot wear armour.
You are incapable of wielding weapons or throwing items.
You have sharp claws.
You have razor-sharp teeth.
You have supernaturally acute eyesight.
You are carnivorous and can eat meat at any time.
You cover ground quickly.
You are covered in fur (AC +1).
You have a slow metabolism.
Your sharp claws are effective at attacking unaware monsters.


Message History

Pain shoots through your body!
Unknown command.
Unknown command.
Unknown command.
MOVING TO (-6,0) Unknown command.
Unknown command.
Unknown command.
Search for what [Enter for "@corpse$&&!!rott&&!!skel&&!!inedible&&!!mutagenic&&!!forbidden", or ? for help]? @corpse$&&!!rott&&!!skel&&!!inedible&&!!mutagenic&&!!forbidden Can't find anything matching that.
Sorry, you're not good enough to have a special ability.
Search for what [Enter for "@corpse$&&!!rott&&!!skel&&!!inedible&&!!mutagenic&&!!forbidden", or ? for help]? @corpse$&&!!rott&&!!skel&&!!inedible&&!!mutagenic&&!!forbidden Can't find anything matching that.
Sorry, you're not good enough to have a special ability.
You start resting.
Your shroud begins to fray at the edges.
The orc priest invokes the aid of Beogh against you.
Pain shoots through your body!
Ouch! That really hurt!
You die...

........#.#.#.
##.#....#.#<#.
............#.
####..#.##.#...
...............
##############.##.#...
...............##.#...
#######.(#########.#.#.
#.....h..# #.#(#.
#.######o# #.#)## #.#
#.#.. #o# #.####
o.'oK.oK....... ..#
.g#####.####### #.# #.#
#'#


You could see an orc priest.

Table legend:
 A = Turns spent in this place as a percentage of turns spent in the entire game.
 B = Non-inter-level travel turns spent in this place as a percentage of non-inter-level travel turns spent in the entire game.
 C = Inter-level travel turns spent in this place as a percentage of turns spent in this place.
 D = Turns resting spent in this place as a percentage of non-inter-level travel turns spent in this place.
 E = Turns spent auto-exploring this place as a percentage of non-inter-level travel turns spent in this place.
 F = Non-inter-level travel turns spent in this place divided by the number of levels of this place that you've seen.
                   A       B       C       D       E      F
               +-------+-------+-------+-------+-------+----------------------
         Total | 100.0 | 100.0 |   0.9 |   2.5 |   2.1 | 1346.0
       Dungeon | 100.0 | 100.0 |   0.9 |   2.5 |   2.1 | 1346.0
               +-------+-------+-------+-------+-------+----------------------

Table legend:
 A = Kills in this place as a percentage of kills in entire the game.
 B = Kills by you in this place as a percentage of kills by you in the entire game.
 C = Kills by friends in this place as a percentage of kills by friends in the entire game.
 D = Other kills in this place as a percentage of other kills in the entire game.
 E = Experience gained in this place as a percentage of experience gained in the entire game.
 F = Experience gained in this place divided by the number of levels of this place that you have seen.
                   A       B       C       D       E      F
               +-------+-------+-------+-------+-------+----------------------
         Total | 100.0 | 100.0 |  -nan |  -nan | 100.0 |  49.0
       Dungeon | 100.0 | 100.0 |  -nan |  -nan | 100.0 |  49.0
               +-------+-------+-------+-------+-------+----------------------

Vanquished Creatures
  Ijyb (D:2)
  2 adders (D:2)
  4 giant geckos (D:1)
  5 bats
  3 giant cockroaches
  6 goblins
  5 hobgoblins
  3 giant newts (D:1)
  7 jackals
  6 kobolds
  8 rats
50 creatures vanquished.

Notes
Turn   | Place    | Note
--------------------------------------------------------------
     0 | D:1      | gw the Felid Skald began the quest for the Orb.
     0 | D:1      | Reached XP level 1. HP: 9/9 MP: 4/4
   264 | D:1      | Reached XP level 2. HP: 7/13 MP: 0/6
   446 | D:1      | Learned a level 2 spell: Shroud of Golubria
   449 | D:1      | Learned a level 2 spell: Song of Slaying
  1479 | D:1      | Reached XP level 3. HP: 16/16 MP: 0/7
  2109 | D:2      | Reached skill level 4 in Charms
  2486 | D:2      | Noticed Ijyb
  2505 | D:2      | Killed Ijyb
  2505 | D:2      | Reached XP level 4. HP: 11/20 MP: 0/9
  2680 | D:2      | Learned a level 3 spell: Regeneration
  3211 | D:2      | Noticed Sigmund
  3225 | D:2      | Killed from afar by Sigmund
  3226 | D:2      | Reached XP level 3. HP: -8/16 MP: 0/8
  3469 | D:3      | Noticed Natasha
  3710 | D:3      | Killed from afar by an orc priest

Action                   |  1- 3 |  4- 6 || total
-------------------------+-------+-------++-------
Melee: Unarmed           |   174 |    28 ||   202
 Cast: Infusion          |    27 |     1 ||    28
       Shroud of Golubri |    26 |     1 ||    27
       Song of Slaying   |     1 |       ||     1
  Eat: Chunk             |    14 |     1 ||    15

Vault maps used:
D:1:      dpeg_cavernosity, hex_large, minmay_hedge_maze
D:2:      minmay_box_of_dots, uniq_sigmund, uniq_iyjb
D:3:      uniq_natasha
